 Dungeon Crawl Stone Soup version 0.26-a0-200-g62faa89a7e (webtiles) character file.

Game seed: 11225342498465396104

55416 Conn the Thaumaturge (level 14, -3/95 HPs)
             Began as an Octopode Hedge Wizard on July 5, 2020.
             Was a High Priest of Sif Muna.
             Killed from afar by an orc sorcerer (30 damage)
             ... with a bolt of fire
             ... on level 2 of the Orcish Mines.
             The game lasted 02:04:08 (28274 turns).

Conn the Thaumaturge (Octopode Hedge Wizard)       Turns: 28274, Time: 02:04:09

Health: -3/95      AC:  3    Str: 19    XL:     14   Next: 77%
Magic:  23/30      EV: 17    Int: 21    God:    Sif Muna [*****.]
Gold:   1838       SH: 11    Dex: 20    Spells: 4/37 levels left

rFire    . . .     SeeInvis +   a - +7 short sword (elec)
rCold    + . .     Faith    .   i - +0 buckler
rNeg     . . .     Spirit   .   N - +2 hat
rPois    .         Reflect  +   y - amulet of reflection
rElec    .         Harm     .   C - ring of protection from magic
rCorr    .                      P - +6 ring of strength
MR       ++...                  q - +6 ring of dexterity
Stlth    +++++++...             M - ring of stealth
HPRegen  0.25/turn              w - ring of ice
MPRegen  0.22/turn              L - ring of fire
                                z - ring of see invisible
                                O - ring "Besyuvusm" {rC+ Str+4 Dex+2}

@: studying Slings
A: almost no armour, stealthy swim, amphibious, 8 rings, constrict 8, camouflage
1, gelatinous body 1
a: Channel Magic, Forget Spell, Divine Exegesis, Renounce Religion


You were on level 2 of the Orcish Mines.
You worshipped Sif Muna.
Sif Muna was extremely pleased with you.
You were not hungry.

You visited 4 branches of the dungeon, and saw 20 of its levels.
You also visited: Gauntlet.

You collected 1838 gold pieces.

Inventory:

Hand Weapons
 a - a +7 short sword of electrocution (weapon)
 e - a +0 short sword
 B - a +4 scimitar of flaming
Missiles
 d - 69 poisoned darts
 h - 225 sling bullets
 v - 8 curare-tipped darts (quivered)
 E - 7 silver javelins
Armour
 i - a +0 buckler (worn)
 N - a +2 hat (worn)
Magical Staves
 b - an uncursed staff of cold
Jewellery
 q - a +6 ring of dexterity (on tentacle)
 s - an uncursed ring of flight
 t - an uncursed amulet of guardian spirit {unknown}
 w - a ring of ice (on tentacle)
 y - an amulet of reflection (around mantle)
 z - a ring of see invisible (on tentacle)
 C - a ring of protection from magic (left tentacle)
 K - an uncursed ring of ice
 L - a ring of fire (on tentacle)
 M - a ring of stealth (on tentacle)
 O - the ring "Besyuvusm" (on tentacle) {rC+ Str+4 Dex+2}
   (You found it in a Gauntlet)

   [ring of protection from cold]

   It affects your strength (+4).
   It affects your dexterity (+2).
   It protects you from cold.
 P - a +6 ring of strength (right tentacle)
 Q - an uncursed amulet of the acrobat {unknown}
Wands
 j - a wand of polymorph (32)
 o - a wand of flame (42)
 x - a wand of digging (9)
 D - a wand of clouds (2)
 F - a wand of acid (23)
 I - a wand of random effects (19)
 R - a wand of disintegration (15)
 T - a wand of iceblast (6)
Scrolls
 g - 4 scrolls of enchant armour
 l - 12 scrolls of remove curse
 n - 15 scrolls of identify
 p - 7 scrolls of amnesia
 G - 4 scrolls of teleportation
 J - 5 scrolls of immolation
 S - a scroll of enchant weapon
 U - 3 scrolls of magic mapping
Potions
 f - 4 potions of curing
 k - a potion of invisibility
 m - 3 potions of mutation
 r - a potion of brilliance
 A - 2 potions of might
 H - 4 potions of magic
 W - a potion of lignification {unknown}
Books
 u - a manual of Slings
Comestibles
 c - 33 rations
 V - 18 chunks of flesh


   Skills:
 + Level 8.7 Fighting
 + Level 9.2 Short Blades
 + Level 0.1 Throwing
 + Level 5.6 Dodging
 + Level 12.0 Stealth
 - Level 5.0 Shields
 + Level 0.2 Unarmed Combat
 + Level 12.3 Spellcasting
 * Level 8.6 Conjurations
 + Level 4.0 Summonings
 * Level 3.7 Translocations
 * Level 5.6 Fire Magic
 + Level 3.9 Air Magic
 - Level 5.5 Poison Magic
 + Level 5.7 Invocations
 + Level 1.7 Evocations


You had 4 spell levels left.
You knew the following spells:

 Your Spells              Type           Power        Failure   Level  Hunger
a - Magic Dart            Conj           ####         1%          1    None
b - Blink                 Tloc           N/A          1%          2    None
c - Call Imp              Summ           ####....     1%          2    None
d - Conjure Flame         Conj/Fire      ######..     1%          3    None
e - Mephitic Cloud        Conj/Pois/Air  #####...     1%          3    None
f - Apportation           Tloc           ####..       1%          1    None
g - Ignite Poison         Fire/Tmut/Pois #####...     3%          3    None
h - Summon Forest         Summ/Tloc      ####......   28%         5    ####...
i - Stone Arrow           Conj/Erth      ####..       2%          3    None
j - Fireball              Conj/Fire      ######....   8%          5    ####...
k - Summon Demon          Summ           ####......   26%         5    ####...

Your spell library contained the following spells:

 Spells                   Type           Power        Failure   Level  Hunger
 Shock                    Conj/Air       ####         1%          1    None
 Sting                    Tmut/Pois      ###.         1%          1    None
 Summon Small Mammal      Summ           ####         1%          1    None
 Poisonous Vapours        Pois/Air       ####..       1%          2    None
 Static Discharge         Conj/Air       #####...     1%          3    None
 Dazzling Flash           Conj/Hex       ####..       2%          3    None
 Shroud of Golubria       Chrm/Tloc      ###...       3%          2    None
 Gell's Gravitas          Tloc           ####......   3%          3    None
 Lesser Beckoning         Tloc           ####......   3%          3    None
 Teleport Other           Tloc           ####....     3%          3    None
 Animate Skeleton         Necr           N/A          4%          1    None
 Corona                   Hex            ##.....      4%          1    None
 Infusion                 Chrm           ##..         4%          1    None
 Pain                     Necr           ##..         4%          1    None
 Sandblast                Erth           ##....       4%          1    None
 Inner Flame              Hex/Fire       #####...     4%          3    None
 Olgreb's Toxic Radiance  Pois           #####...     5%          4    None
 Portal Projectile        Hex/Tloc       ###...       7%          3    None
 Passwall                 Tmut/Erth      ##......     8%          2    None
 Slow                     Hex            ##......     8%          2    None
 Passage of Golubria      Tloc           N/A          11%         4    None
 Spectral Weapon          Hex/Chrm       ##......     16%         3    None
 Vampiric Draining        Necr           ##........   16%         3    None
 Animate Dead             Necr           N/A          45%         4    None
 Cause Fear               Hex            ##........   45%         4    None
 Leda's Liquefaction      Hex/Erth       ##........   45%         4    None
 Petrify                  Tmut/Erth      ##......     45%         4    None
 Lightning Bolt           Conj/Air       #####.....   11%         5    ####...
 Conjure Ball Lightning   Conj/Air       #####.....   52%         6    #####..
 Agony                    Necr           ##......     80%         5    ####...
 Lee's Rapid Deconstruct  Erth           ##........   80%         5    ####...
 Spellforged Servitor     Conj/Summ      #####.....   97%         7    #######
 Statue Form              Tmut/Erth      ##.......    100%        6    #####..
 Lehudib's Crystal Spear  Conj/Erth      ####......   100%        8    #######


Dungeon Overview and Level Annotations

Branches:
Dungeon (11/15)            Temple (1/1) D:6            Lair (6/6) D:8
  Swamp (0/4) Lair:2       Spider (0/4) Lair:4        Slime (0/5) Lair:6
    Orc (2/2) D:11            Elf (0/3) Orc:2       Gauntlet (visited)

Altars:
Ashenzari
Cheibriados
Dithmenos
Elyvilon
Gozag
Hepliaklqana
Kikubaaqudgha
Makhleb
Nemelex Xobeh
Okawaru
Qazlal
Ru
Sif Muna
Trog
Uskayaw
Vehumet
Wu Jian
Xom
Yredelemnul
Zin
The Shining One

Shops:
Orc:2 [


Innate Abilities, Weirdness & Mutations

You cannot wear most types of armour.
You are very stealthy in the water. (Stealth+)
You are amphibious.
You can wear up to eight rings at the same time.
You can use your tentacles to constrict eight enemies at once.
Your skin changes colour to match your surroundings (Stealth+).
Your rubbery body absorbs attacks. (AC +1, EV +1)


Message History

The stinking cloud engulfs the orc sorcerer but does no damage.
You constrict the orc warrior.
You hear a shout! x3
An orc knight comes into view. It is wielding a +0 battleaxe.
The orc sorcerer is engulfed in noxious fumes.
The orc warrior is engulfed in noxious fumes.
The orc warrior hits you with a +0 hand axe!
* * * LOW HITPOINT WARNING * * *
An orc warrior comes into view. It is wielding a +0 dire flail.
The orc warrior is engulfed in noxious fumes.
The orc warrior appears confused.
The orc warrior laughs crazily.
You block the orc warrior's attack.
The orc knight is engulfed in noxious fumes.
The orc knight misses you.
You release your grip on the orc warrior.
The orc sorcerer is engulfed in noxious fumes.
The orc sorcerer gestures at you while chanting.
The bolt of fire hits you!!
You die...

#..... #..... ##....
##.... ##...#. #......
#...... ###### #.#...#
##..@.##### ##.#...
.........# ##..##.oo..#
#...... .........#
#..##o)o....# ##.....
.........###.##○..##o#.∩#
###...
.........##..##°.## # .#
####... .........##.##...
#...... .........##.##..o
#...... .........##.##...
#.....#
.........##.#####.
###....


You could see 2 orc knights, an orc sorcerer and an orc warrior (confused).

Vanquished Creatures
  A minotaur (Gauntlet)
  A dire elephant (Lair:6)
  5 hydras
  A catoblepas (Lair:6)
  Erica (D:9)
  A deep troll shaman (Lair:6)
  An orc high priest (Orc:2)
  9 death yaks
  Sonja (Orc:1)
  Pikel (D:9)
  An orc knight (Orc:1)
  A wolf spider (Lair:4)
  A cyclops (D:9)
  An oklob plant (Lair:5)
  A shining eye (Gauntlet)
  Joseph (D:8)
  7 elephants
  6 black mambas
  Maurice (D:9)
  A centaur zombie (D:10)
  16 cane toads
  A torpor snail (Lair:4)
  8 komodo dragons
  5 rime drakes
  3 polar bears
  A troll (D:11)
  A nameless horror (Lair:6)
  A merfolk (shapeshifter) (Gauntlet)
  2 bog bodies (Lair:2)
  12 blink frogs
  9 dream sheep
  2 redbacks (Lair:4)
  10 hippogriffs
  A vampire (D:8)
  39 yaks
  4 wyverns
  A steam dragon (D:10)
  A golden eye (Gauntlet)
  A warg (Orc:2)
  A floating eye (Gauntlet)
  11 porcupines
  Duvessa (D:4)
  6 ice beasts
  18 water moccasins
  A swamp drake (D:11)
  An eye of draining (D:11)
  10 orc warriors
  4 black bears
  2 sky beasts
  6 ogres
  3 phantoms
  9 centaurs
  A necrophage (D:10)
  20 wolves
  10 crocodiles
  3 lemures (D:9)
  9 bullfrogs
  A gnoll sergeant (D:7)
  6 scorpions
  12 killer bees
  13 wights
  4 electric eels (D:9)
  2 howler monkeys (D:8)
  A bullfrog zombie (D:10)
  6 orc priests
  3 jellies
  4 bullfrog skeletons
  4 hounds
  Ijyb (D:3)
  2 centaur skeletons (D:9)
  3 iguanas
  7 orc wizards
  7 worker ants
  2 hound skeletons
  2 mummies (D:10)
  A worker ant zombie (D:5)
  4 gnolls (D:7)
  10 adders
  2 shadow imps (D:5)
  2 white imps (D:5)
  3 ufetubi
  An ooze (D:5)
  An adder zombie (D:6)
  2 adder skeletons
  2 worms (D:3)
  A dart slug (D:1)
  6 leopard geckos
  31 orcs
  10 bats
  6 giant cockroaches
  7 goblins
  6 hobgoblins
  8 jackals
  4 quokkas
  3 ball pythons
  A ball python zombie (D:5)
  6 frilled lizards
  8 kobolds
  A leopard gecko skeleton (D:8)
  A leopard gecko zombie (D:8)
  9 rats
  A fungus (Lair:4)
  A plant (Lair:4)
  A withered plant (Gauntlet)
496 creatures vanquished.

Vanquished Creatures (collateral kills)
  A death yak (Lair:6)
  A black mamba (Lair:6)
  An elephant (Lair:6)
  A cane toad (Lair:2)
  A yak (D:10)
  A water moccasin (Lair:5)
  An ogre (D:6)
  Dowan (D:4)
  2 killer bees
  A quasit (D:9)
  Robin (D:4)
  A worm (D:2)
  7 goblins (D:4)
  3 hobgoblins
  A kobold (D:3)
  2 plants
26 creatures vanquished.

Vanquished Creatures (others)
  A wolf (Lair:5)
  10 fungi
  11 plants
  4 withered plants (D:10)
26 creatures vanquished.

Grand Total: 548 creatures vanquished

Notes
Turn   | Place    | Note
-------+----------+-------------------------------------------
     0 | D:1      | Conn the Octopode Hedge Wizard began the quest for the Orb.
     0 | D:1      | Reached XP level 1. HP: 11/11 MP: 4/4
   349 | D:1      | Reached XP level 2. HP: 17/17 MP: 4/6
   353 | D:1      | Learned a level 2 spell: Blink
   356 | D:1      | Learned a level 2 spell: Call Imp
  1169 | D:1      | Reached XP level 3. HP: 21/21 MP: 2/8
  1174 | D:1      | Learned a level 3 spell: Conjure Flame
  2101 | D:2      | Found a basalt altar of Yredelemnul.
  2330 | D:3      | Reached XP level 4. HP: 27/27 MP: 5/10
  3237 | D:3      | Noticed Ijyb
  3252 | D:3      | Killed Ijyb
  3554 | D:4      | Reached XP level 5. HP: 31/31 MP: 4/11
  3676 | D:4      | Noticed Robin
  3684 | D:4      | Killed Robin
  3975 | D:4      | Noticed Dowan
  3979 | D:4      | Noticed Duvessa
  3996 | D:4      | Killed Duvessa
  3996 | D:4      | Killed Dowan
  3996 | D:4      | Reached skill level 5 in Spellcasting
  3996 | D:4      | Reached XP level 6. HP: 12/36 MP: 3/13
  4243 | D:4      | Learned a level 3 spell: Mephitic Cloud
  4851 | D:4      | Reached skill level 1 in Short Blades
  4916 | D:4      | Reached XP level 7. HP: 34/42 MP: 15/15
  5026 | D:5      | Entered Level 5 of the Dungeon
  5097 | D:5      | Reached skill level 1 in Fighting
  5107 | D:5      | Found a glowing silver altar of Zin.
  5139 | D:5      | Found a hide-covered altar of Uskayaw.
  5143 | D:5      | Found a radiant altar of Vehumet.
  5143 | D:5      | Found a sacrificial altar of Ru.
  5670 | D:5      | Found an ornate altar of the Wu Jian Council.
  5844 | D:5      | Found a stormy altar of Qazlal.
  5949 | D:5      | Reached XP level 8. HP: 48/48 MP: 12/17
  6293 | D:6      | Reached skill level 5 in Stealth
  6398 | D:6      | Found a staircase to the Ecumenical Temple.
  6421 | Temple   | Entered the Ecumenical Temple
  6632 | Temple   | Became a worshipper of Sif Muna the Loreminder
  7432 | D:7      | Reached XP level 9. HP: 39/54 MP: 20/20
  8025 | D:7      | Found a shimmering altar of Xom.
  8105 | D:7      | Reached skill level 1 in Air Magic
  8449 | D:7      | Found an iron altar of Okawaru.
  8558 | D:7      | Reached skill level 1 in Poison Magic
  9152 | D:8      | Reached * piety under Sif Muna
  9183 | D:8      | Reached skill level 5 in Conjurations
  9187 | D:8      | Reached skill level 5 in Short Blades
  9190 | D:8      | Noticed Joseph
  9494 | D:8      | Killed Joseph
  9494 | D:8      | Reached XP level 10. HP: 55/63 MP: 13/22
  9653 | D:9      | Noticed Erica
  9668 | D:9      | Killed Erica
  9823 | D:9      | Noticed Pikel
  9844 | D:9      | Killed Pikel
 10028 | D:9      | Reached skill level 1 in Evocations
 10199 | D:9      | Noticed a cyclops
 10205 | D:9      | Noticed Maurice
 10213 | D:9      | Killed Maurice
 10224 | D:9      | Killed a cyclops
 10242 | D:9      | Reached XP level 11. HP: 52/70 MP: 4/24
 10361 | D:9      | Reached skill level 5 in Fighting
 10451 | D:9      | Found a white marble altar of Elyvilon.
 10651 | D:9      | Reached ** piety under Sif Muna
 10984 | D:8      | Found a staircase to the Lair.
 12159 | D:10     | Entered Level 10 of the Dungeon
 12600 | D:10     | Reached skill level 1 in Fire Magic
 12600 | D:10     | Reached skill level 1 in Invocations
 13875 | Lair:1   | Entered Level 1 of the Lair of Beasts
 13982 | Lair:1   | Reached skill level 10 in Spellcasting
 14436 | Lair:1   | Reached *** piety under Sif Muna
 15012 | Lair:2   | Found a staircase to the Swamp.
 15166 | Lair:2   | Learned a level 1 spell: Apportation
 15339 | Lair:2   | Reached XP level 12. HP: 78/78 MP: 16/26
 15347 | Lair:2   | Reached skill level 1 in Shields
 15584 | Lair:2   | Noticed a seven-headed hydra
 16129 | Lair:2   | Killed a seven-headed hydra
 16162 | Lair:2   | Reached skill level 5 in Invocations
 16177 | Lair:1   | HP: 3/79 [poisoned by a water moccasin]
 16183 | Lair:1   | HP: 2/79 [poisoned by a water moccasin]
 16189 | Lair:1   | HP: 1/79 [poisoned by a water moccasin]
 16576 | Lair:2   | Reached skill level 5 in Dodging
 18206 | Lair:3   | Learned a level 3 spell: Ignite Poison
 18323 | Lair:3   | Reached XP level 13. HP: 85/85 MP: 28/28
 18329 | Lair:3   | Reached **** piety under Sif Muna
 18505 | Lair:4   | Found a gate leading to a gauntlet.
 18513 | Gauntlet | Entered a Gauntlet
 18513 | Gauntlet | Found a transporter.
 18513 | Gauntlet | Found a transporter.
 18514 | Gauntlet | Found a transporter.
 18515 | Gauntlet | Found a transporter.
 18516 | Gauntlet | Found a transporter.
 18518 | Gauntlet | Found a transporter.
 18524 | Gauntlet | Found a transporter.
 18527 | Gauntlet | Found a transporter.
 18528 | Gauntlet | Found a transporter.
 18529 | Gauntlet | Found a transporter.
 18537 | Gauntlet | Found a transporter.
 18537 | Gauntlet | Found a transporter.
 18967 | Gauntlet | Identified Odwerchu's Papyrus of Creative Stones
 18970 | Gauntlet | Got a pitted marble ring
 19124 | Gauntlet | Identified the ring "Besyuvusm" {rC+ Str+4 Dex+2} (You
                  | found it in a Gauntlet)
 19131 | Gauntlet | Learned a level 5 spell: Summon Forest
 19194 | Gauntlet | Noticed a minotaur
 19220 | Gauntlet | Killed a minotaur
 19220 | Gauntlet | Reached skill level 10 in Stealth
 19692 | Lair:4   | Found a hole to the Spider Nest.
 20100 | Lair:4   | Reached skill level 5 in Shields
 20815 | Lair:5   | Reached skill level 5 in Poison Magic
 22596 | Lair:6   | Entered Level 6 of the Lair of Beasts
 22601 | Lair:6   | Reached ***** piety under Sif Muna
 22619 | Lair:6   | Identified Sif Muna's Compendium of Supportive Attacks (Sif
                  | Muna gifted it to you on level 6 of the Lair of Beasts)
 22619 | Lair:6   | Received a gift from Sif Muna
 22621 | Lair:6   | Reached XP level 14. HP: 80/94 MP: 26/29
 22833 | Lair:6   | Learned a level 3 spell: Stone Arrow
 22839 | Lair:6   | Learned a level 5 spell: Fireball
 22881 | Lair:6   | HP: 4/95 [poisoned by a black mamba]
 22887 | Lair:6   | HP: 4/95 [poisoned by a black mamba]
 22895 | Lair:6   | HP: 4/95 [poisoned by a black mamba]
 23270 | Lair:6   | Found a staircase to the Slime Pits.
 24781 | Lair:6   | Reached skill level 5 in Fire Magic
 25195 | Lair:6   | Noticed a dire elephant
 25217 | Lair:6   | Killed a dire elephant
 25424 | Lair:6   | Identified the Tome of the Boosting Birds
 26030 | Lair:6   | Learned a level 5 spell: Summon Demon
 27159 | D:11     | Found a staircase to the Orcish Mines.
 27173 | D:11     | Received a gift from Sif Muna
 27833 | Orc:1    | Entered Level 1 of the Orcish Mines
 27847 | Orc:1    | Noticed Sonja
 27855 | Orc:1    | Killed Sonja
 28062 | Orc:2    | Entered Level 2 of the Orcish Mines
 28181 | Orc:2    | Found a staircase to the Elven Halls.
 28260 | Orc:2    | Found Epioze's Armour Shoppe.
 28274 | Orc:2    | Killed from afar by an orc sorcerer

Illustrated notes

Levels and vault maps discovered:
D:1:      wander_arrival_chamber, layout_basic
D:2:      layout_rooms, lemuel_round_altar
D:3:      layout_rooms, uniq_ijyb
D:4:      layout_gridville, first_ration, uniq_duvessa, uniq_robin
D:5:      layout_cave_pools, old_standard_altar, zin_academy,
          chequers_temple_overflow_statue_of_worship, marbit_many_paths
D:6:      layout_rooms, minmay_temple_entry_statues_fountains
D:7:      layout_loops_ring, okawaru_trees_1, lemuel_statue_altar
D:8:      minmay_the_grid_square_5x5_3x3 [minmay_the_grid_square_5x5_n_small,
          minmay_the_grid_square_5x5_sharp_hourglass,
          minmay_the_grid_square_5x5_checkered_sparse,
          minmay_the_grid_square_5x5_six_small,
          minmay_the_grid_square_5x5_megaprize_hollow,
          minmay_the_grid_square_5x5_spiral_small,
          minmay_the_grid_square_5x5_meh, minmay_the_grid_square_5x5_minivault,
          minmay_the_grid_square_5x5_almost_minimal], layout_basic,
          david_lair_shrubbed, grunt_ogre_cave, uniq_joseph
D:9:      layout_loops_cross, old_standard_altar, serial_ice, serial_ice_h,
          serial_ice_f, serial_ice_b, serial_ice_e, serial_ice_l, serial_ice_d,
          uniq_pikel, uniq_maurice, uniq_erica
D:10:     layout_rooms, serial_undead, serial_undead_b, serial_undead_f,
          serial_undead_a, serial_undead_e, serial_undead_f, serial_undead_e
D:11:     layout_layer_cave, erik_orc_1
Temple:   oiseaux_autumnal_temple
Lair:1:   layout_roguey
Lair:2:   layout_cave_pods, skrybe_swamp_entry_bodies, beast_lair_carwin_7
Lair:3:   layout_cave_pods, minivault_23, beast_lair_carwin_3,
          grunt_megastairs_5, infiniplex_staircase_pool_2
Lair:4:   layout_gridlike, spider_nest_entry_funnel_web, gauntlet_entry_generic,
          grunt_megastairs_4
Lair:5:   layout_cave_pods
Lair:6:   grunt_lair_end_beastmaster, layout_concentric_octagons, slime_dummy,
          serial_bayou_pond_b, grunt_megastairs_1
Orc:1:    layout_diamond_mine, uniq_sonja, uniq_erolcha
Orc:2:    st_orc_elflike, layout_caves

Skill      XL: |  1  2  3  4  5  6  7  8  9 10 11 12 13 14 |
---------------+-------------------------------------------+-----
Spellcasting   | 4 5 6 7 8 9 10 11 12 | 12.3
Stealth        | 3 4 5 6 7 8 9 11 12 | 12.0
Conjurations   | 2 3 4 5 6 7 8 |  8.6
Short Blades   | 1 2 3 5 6 7 8 9 |  9.2
Summonings     | 2 3 4 |  4.0
Fighting       | 1 2 3 4 5 6 8 |  8.7
Dodging        | 3 4 5 |  5.6
Air Magic      | 1 2 3 |  3.9
Poison Magic   | 2 3 4 5 |  5.5
Translocations | 2 3 |  3.7
Evocations     | 1 |  1.7
Fire Magic     | 3 4 5 |  5.6
Invocations    | 3 5 |  5.7
Shields        | 3 5 |  5.0
Throwing       | |  0.1
Unarmed Combat | |  0.2

Action                   |  1- 3 |  4- 6 |  7- 9 | 10-12 | 13-15 || total
-------------------------+-------+-------+-------+-------+-------++-------
Melee: Unarmed           |     8 |       |       |       |       ||     8
       Constrict         |    20 |    19 |    31 |    41 |    57 ||   168
       Tentacles         |     9 |     8 |    31 |    67 |   136 ||   251
       Short sword       |    68 |    67 |   187 |   347 |   502 ||  1171
       Punch             |       |       |     1 |       |     4 ||     5
Throw: Boomerang         |       |       |     1 |     5 |       ||     6
 Cast: Magic Dart        |    66 |    67 |    98 |   241 |    81 ||   553
       Call Imp          |     6 |    17 |     8 |    22 |     6 ||    59
       Blink             |       |       |     8 |     9 |    23 ||    40
       Conjure Flame     |       |       |     6 |    18 |     1 ||    25
       Mephitic Cloud    |       |       |    18 |    61 |    95 ||   174
       Apportation       |       |       |       |       |     2 ||     2
       Fireball          |       |       |       |       |     7 ||     7
       Summon Forest     |       |       |       |       |     5 ||     5
       Ignite Poison     |       |       |       |       |     4 ||     4
       Stone Arrow       |       |       |       |       |     2 ||     2
Evoke: Wand              |       |       |     2 |    24 |    10 ||    36
  Use: Potion            |     1 |       |     3 |     2 |    13 ||    19
       Scroll            |       |       |     8 |     7 |    11 ||    26
 Stab: Sleeping          |     4 |     5 |     9 |    16 |    21 ||    55
       Distracted        |       |     1 |       |       |     4 ||     5
       Confused          |       |       |     6 |    21 |    42 ||    69
       Invisible         |       |       |       |     3 |       ||     3
  Eat: Chunk             |     4 |     5 |    14 |    28 |    24 ||    75
       Ration            |       |     1 |       |       |     3 ||     4
Armor: Skin              |    15 |     2 |     5 |    15 |    19 ||    56
Dodge: Dodged            |    87 |    31 |   103 |   133 |   198 ||   552
Block: Other             |       |       |    32 |    31 |       ||    63
       Reflection        |       |       |     1 |     3 |     8 ||    12
       Buckler           |       |       |       |    59 |   162 ||   221

Table legend:
 A = Non-vault XP
 B = Vault XP
 C = Vault XP percentage of total XP
 D = Non-vault monster count
 E = Vault monster count
 F = Vault count percentage of total count
                 A         B        C        D         E       F
            +---------+---------+-------+---------+---------+-------
      Total |   49972 |   29195 |  36.9 |     389 |     125 |  24.3
            +---------+---------+-------+---------+---------+-------
        D:1 |      42 |       0 |   0.0 |      24 |       0 |   0.0
        D:2 |      32 |       0 |   0.0 |      16 |       0 |   0.0
        D:3 |      47 |      38 |  44.7 |      25 |       1 |   3.8
        D:4 |     303 |     170 |  35.9 |      13 |      13 |  50.0
        D:5 |     667 |     120 |  15.2 |      22 |       1 |   4.3
        D:6 |     874 |       0 |   0.0 |      15 |       0 |   0.0
        D:7 |    1484 |       0 |   0.0 |      29 |       0 |   0.0
        D:8 |     291 |    2006 |  87.3 |      10 |      13 |  56.5
        D:9 |    2240 |    3009 |  57.3 |      23 |       9 |  28.1
       D:10 |    2301 |     797 |  25.7 |      27 |       8 |  22.9
       D:11 |    2899 |     584 |  16.8 |      28 |      17 |  37.8
     Lair:1 |    1843 |       0 |   0.0 |       9 |       0 |   0.0
     Lair:2 |    7125 |    4374 |  38.0 |      29 |      13 |  31.0
     Lair:3 |    3941 |    1289 |  24.6 |      18 |       6 |  25.0
     Lair:4 |    5158 |    2457 |  32.3 |      24 |       6 |  20.0
     Lair:5 |   11066 |     195 |   1.7 |      36 |       2 |   5.3
     Lair:6 |    8313 |    9856 |  54.2 |      25 |      24 |  49.0
      Orc:1 |     864 |     802 |  48.1 |       4 |       1 |  20.0
      Orc:2 |     482 |    1119 |  69.9 |      12 |       6 |  33.3
   Gauntlet |       0 |    2379 | 100.0 |       0 |       5 | 100.0
            +---------+---------+-------+---------+---------+-------
